 Dungeon Crawl Stone Soup version 0.24-a0-307-gf989941 (webtiles) character file.

Game seed: 14503500627586746196

8 Iscandelvey the Vexing (level 2, 17/21 HPs)
             Began as a Demonspawn Arcane Marksman on May 12, 2019.
             Quit the game on level 1 of the Dungeon.
             The game lasted 00:00:06 (108 turns).

Iscandelvey the Vexing (Demonspawn Arcane Marksman)  Turns: 108, Time: 00:00:06

Health: 17/21      AC:  2    Str: 10    XL:     2   Next: 0%
Magic:  3/3        EV: 12    Int: 14    God:
Gold:   23         SH:  0    Dex: 13    Spells: 2/3 levels left

rFire    . . .     SeeInvis .   a - +0 hand crossbow
rCold    . . .     Gourm    .   (no shield)
rNeg     . . .     Faith    .   e - +0 robe
rPois    .         Spirit   .   (no helmet)
rElec    .         Reflect  .   (no cloak)
rCorr    .         Harm     .   (no gloves)
MR       .....                  (no boots)
Stlth    +.........             (no amulet)
HPRegen  0.07/turn              (no ring)
MPRegen  0.08/turn              (no ring)

@: no status effects
A: hooves 1
a: no special abilities


You were on level 1 of the Dungeon.
You were not hungry.

You visited 1 branch of the dungeon, and saw 1 of its levels.

You collected 23 gold pieces.

Inventory:

Hand Weapons
 a - a +0 hand crossbow (weapon)
Missiles
 d - 17 bolts (quivered)
Armour
 e - a +0 robe (worn)
Potions
 b - 2 potions of degeneration {unknown}
Comestibles
 f - 2 rations


   Skills:
 + Level 1.0 Fighting
 + Level 2.1 Crossbows
 + Level 2.1 Dodging
 + Level 1.0 Spellcasting
 + Level 3.1 Hexes


You had 2 spell levels left.
You knew the following spells:

 Your Spells              Type           Power        Failure   Level  Hunger
a - Corona                Hex            #......      8%          1    ##.....

Your spell library contained the following spells:

 Spells                   Type           Power        Failure   Level  Hunger
 Slow                     Hex            #.......     11%         2    ###....
 Inner Flame              Hex/Fire       #.......     38%         3    ####...
 Portal Projectile        Hex/Tloc       #.....       38%         3    ####...
 Cause Fear               Hex            #.........   58%         4    #####..
 Leda's Liquefaction      Hex/Erth       #.........   80%         4    #####..


Dungeon Overview and Level Annotations

Branches:
Dungeon (1/15)

Altars:


Innate Abilities, Weirdness & Mutations

You have large cloven feet.


Message History

f - 2 rations (gained 1)
A leopard gecko and a kobold come into view.
The leopard gecko hisses angrily.
The kobold shouts!
Firing (i - inventory)
d - 19 bolts (quivered)
Press: ? - help, Shift-Dir - straight line, f - kobold
Aim: a kobold You shoot a bolt.
The bolt hits the kobold!
You kill the kobold!
A giant cockroach comes into view.
There are monsters nearby!
Firing (i - inventory)
d - 18 bolts (quivered)
Press: ? - help, Shift-Dir - straight line, f - leopard gecko
Aim: a leopard gecko You shoot a bolt.
The bolt hits the leopard gecko!
You kill the leopard gecko!
Your Crossbows skill increases to level 2!
You have reached level 2!
Your demonic ancestry asserts itself...
Your feet thicken and deform.
Are you sure you want to abandon this character and quit the game? (Confirm with "yes".)

#...... . ....... ..
.....# ... ...(.#.
.... ....... ......#
..s..###.......
......
.....(.........
..... ..... #@# ..)
.....##.### ##.##
..........# ....#
.............#
....#..............#
....#..............#
...................#
....#..............#
....#..............#


You could see a giant cockroach.

Vanquished Creatures
  A dart slug (D:1)
  A leopard gecko (D:1)
  A goblin (D:1)
  A hobgoblin (D:1)
  A kobold (D:1)
5 creatures vanquished.

Notes
Turn   | Place    | Note
-------+----------+-------------------------------------------
     0 | D:1      | Iscandelvey the Demonspawn Arcane Marksman began the quest
                  | for the Orb.
     0 | D:1      | Reached XP level 1. HP: 15/15 MP: 2/2
   107 | D:1      | Gained mutation: You have large cloven feet. [demonic
                  | ancestry]
   107 | D:1      | Reached XP level 2. HP: 17/21 MP: 3/3
   108 | D:1      | Quit the game

Levels and vault maps discovered:
D:1:      dpeg_arrival_connections, layout_basic, nrook_campfire

Skill      XL: |  1 |
---------------+----+-----
Dodging        | 2 |  2.1
Crossbows      | 2 |  2.1
Fighting       | |  1.0
Spellcasting   | |  1.0
Hexes          | |  3.1

Action                   || total
-------------------------++-------
 Fire: Hand crossbow     ||     9

Table legend:
 A = Non-vault XP
 B = Vault XP
 C = Vault XP percentage of total XP
 D = Non-vault monster count
 E = Vault monster count
 F = Vault count percentage of total count
                 A         B        C        D         E       F
            +---------+---------+-------+---------+---------+-------
      Total |      12 |       0 |   0.0 |       5 |       0 |   0.0
            +---------+---------+-------+---------+---------+-------
        D:1 |      12 |       0 |   0.0 |       5 |       0 |   0.0
            +---------+---------+-------+---------+---------+-------
